 Dungeon Crawl Stone Soup version 0.26-a0-639-g72c4674329 (webtiles) character file.

Game seed: 18438432692136414956

30442 Borgoz the Basher (level 13, -11/83 HPs)
             Began as a Gargoyle Gladiator on Sept 18, 2020.
             Was a High Priest of Ru.
             Mangled by a white ugly thing (18 damage)
             ... on level 14 of the Dungeon.
             The game lasted 00:22:58 (11259 turns).

Borgoz the Basher (Gargoyle Gladiator)             Turns: 11259, Time: 00:22:59

Health: -11/83     AC: 20    Str: 19    XL:     13   Next: 51%
Magic:  13/13      EV: 18    Int: 11    God:    Ru [*****.]
Gold:   811        SH:  0    Dex: 13    Spells: 12/12 levels left

rFire    + . .     SeeInvis .   a - +5 morningstar (freeze)
rCold    . . .     Faith    .   (no shield)
rNeg     + . .     Spirit   .   M - +0 troll leather armour
rPois    ∞         Reflect  .   c - +0 helmet
rElec    +         Harm     .   S - scarf {shadows}
rCorr    .         Rampage  .   (no gloves)
MR       .....                  l - +1 pair of boots
Stlth    ++++......             P - amulet of regeneration
HPRegen  1.03/turn              N - +4 ring of protection
MPRegen  0.13/turn              H - ring of Ruosoc {rF+ Stlth+}

@: berserk cooldown
A: negative energy resistance 1, electricity resistance, unbreathing,
petrification resistance, rot immunity, hated by all, inability to train armour,
inexperienced 1, AC +9
a: Draw Out Power, Power Leap, Apocalypse, Renounce Religion


You were on level 14 of the Dungeon.
You worshipped Ru.
Ru was extremely pleased with you.
You visited 2 branches of the dungeon, and saw 15 of its levels.

You collected 968 gold pieces.
You spent 157 gold pieces at shops.

Inventory:

Hand Weapons
 a - a +5 morningstar of freezing (weapon)
 b - the +1 mace of the Shark {elec, +Inv rElec rC+}
   (You found it on level 9 of the Dungeon)

   Occasionally, upon striking a foe, it will discharge some electrical energy
   and cause terrible harm.
   It protects you from cold.
   It insulates you from electricity.
   It lets you turn invisible.
Missiles
 d - a throwing net (quivered)
Armour
 c - a +0 helmet (worn)
 l - a +1 pair of boots (worn)
 o - +0 acid dragon scales
 M - a +0 troll leather armour (worn)
 S - a scarf of shadows (worn)
 U - the +1 leather armour of Neqeuturph {rN+ SInv}
   (You found it on level 12 of the Dungeon)

   It protects you from negative energy.
   It lets you see invisible.
Jewellery
 g - a +4 ring of evasion
 D - an uncursed ring of see invisible
 E - an uncursed ring of protection from fire
 H - the ring of Ruosoc (right hand) {rF+ Stlth+}
   (You took it off a wight on level 6 of the Dungeon)

   [ring of stealth]

   It protects you from fire.
   It makes you more stealthy.
 L - an uncursed ring of positive energy
 N - a +4 ring of protection (left hand)
 P - an amulet of regeneration (around neck)
Wands
 s - a wand of iceblast (17)
 I - a wand of flame (39)
 O - a wand of paralysis (8)
 R - a wand of digging (5)
Scrolls
 e - 6 scrolls of blinking {unknown}
 i - 11 scrolls of remove curse
 j - 4 scrolls of magic mapping
 k - 3 scrolls of amnesia {unknown}
 n - 2 scrolls of fear {unknown}
 u - 2 scrolls of noise {unknown}
 w - a scroll of enchant armour {unknown}
 A - 6 scrolls of teleportation
 B - 2 scrolls of enchant weapon {unknown}
 J - 2 scrolls of fog {unknown}
 K - a scroll of vulnerability {unknown}
 Q - 2 scrolls of random uselessness {unknown}
 T - a scroll of silence {unknown}
Potions
 f - 6 potions of degeneration {unknown}
 h - 5 potions of heal wounds
 m - 4 potions of invisibility {unknown}
 p - 3 potions of mutation
 q - a potion of resistance
 r - 3 potions of might
 t - 4 potions of haste
 v - a potion of curing
 x - 3 potions of lignification
 z - 2 potions of flight
 C - 4 potions of brilliance
 G - 4 potions of stabbing


   Skills:
 + Level 10.5 Fighting
 * Level 13.3 Maces & Flails
 - Level 1.7 Throwing
   Level 0.0 Armour
 * Level 11.4 Dodging
 - Level 5.0 Stealth


You had 12 spell levels left.
You didn't know any spells.
Your spell library contained the following spells:

 Spells                   Type           Power        Failure   Level
 Apportation              Tloc           #.....       38%         1
 Corona                   Hex            #......      38%         1
 Freeze                   Ice            #...         38%         1
 Slow                     Hex            #.......     54%         2
 Frozen Ramparts          Ice            #.....       77%         3
 Ignite Poison            Fire/Tmut/Pois #.......     77%         3
 Inner Flame              Hex/Fire       #.......     77%         3
 Lesser Beckoning         Tloc           #.........   77%         3
 Ozocubu's Armour         Ice            #.......     77%         3
 Portal Projectile        Hex/Tloc       #.....       77%         3
 Cause Fear               Hex            #.........   99%         4
 Hailstorm                Conj/Ice       #.......     99%         4
 Leda's Liquefaction      Hex/Erth       #.........   99%         4
 Alistair's Intoxication  Tmut/Pois      #........    100%        5
 Fireball                 Conj/Fire      #.........   100%        5
 Invisibility             Hex            #.......     100%        6
 Starburst                Conj/Fire      #.........   100%        6
 Ignition                 Fire           #.........   100%        8
 Tukima's Dance           Hex            Unusable     N/A         3
 Summon Ice Beast         Ice/Summ       Unusable     N/A         4

Dungeon Overview and Level Annotations

Branches:
Dungeon (14/15)            Temple (1/1) D:6            Lair (0/6) D:11
    Orc (0/2) D:11
 Vaults: D:13-14

Altars:
Ashenzari
Cheibriados
Dithmenos
Elyvilon
Fedhas
Gozag
Hepliaklqana
Kikubaaqudgha
Makhleb
Nemelex Xobeh
Okawaru
Qazlal
Ru
Sif Muna
Trog
Uskayaw
Vehumet
Wu Jian
Xom
Yredelemnul
Zin
The Shining One

Shops:
D:5 *   D:7 ?


Innate Abilities, Weirdness & Mutations

You are resistant to torment.
Your stone body is resilient. (AC +9)
You are immune to poison.
You resist negative energy. (rN+)
You are resistant to electric shocks. (rElec)
You can survive without breathing.
You are immune to petrification.
You are immune to rotting.
You are hated by all.
You cannot train Armour skill.
You are somewhat inexperienced. (-2 XL)


Message History

You hit the white ugly thing.
The white ugly thing is almost dead.
The white ugly thing is stunned by your will and fails to attack.
The white ugly thing barely misses you.
Throwing (i - inventory)
d - a throwing net (quivered)
Press: ? - help, Shift-Dir - straight line, f - white ugly thing
Aim: a white ugly thing (almost dead)
Okay, then.
You feel better.
You redirect the white ugly thing's attack!
The white ugly thing claws itself.
You sock the white ugly thing!
You kill the white ugly thing!
You feel yourself speed up.
You hit the white ugly thing. You freeze the white ugly thing.
The white ugly thing is lightly wounded.
The white ugly thing bites you.
* * * LOW HITPOINT WARNING * * *
The white ugly thing freezes you!!
You die...

.##. ..... ..##........#
###............
#.......^....###
########.(....#....##..
.<....[.)###.......#..#
.....................#
######u###.........####
u#######@#........†......
.........................
####.....##.....###.....)
#...#.###.$##### ##.....
#..##..# ... #.###. ..
#.#. #. #.# #. . .. . #.#
## ... .. #.# # .... ..
#.#


You could see a white ugly thing.

Vanquished Creatures
  Jorgrun (D:14)
  4 centaur warriors
  A hydra (D:14)
  Erica (D:10)
  4 two-headed ogres
  A catoblepas (D:14)
  5 death yaks (D:11)
  A tengu warrior (D:14)
  Nergalle (D:11)
  4 unseen horrors
  The ghost of Flugslaktarn the Chopper, a novice DDMo of Makhleb (D:6)
  Pikel (D:7)
  4 cyclopes
  A deep elf mage (D:11)
  4 ugly things (D:14)
  A manticore (D:12)
  A guardian serpent (D:13)
  An efreet (D:13)
  A komodo dragon (D:9)
  A tengu conjurer (D:14)
  3 trolls
  A hornet (D:12)
  2 hippogriffs
  4 slime creatures (D:12)
  19 yaks
  A wraith (D:13)
  2 shadows
  2 wyverns
  A steam dragon (D:11)
  3 vampire mosquitoes (D:13)
  2 acid dragons
  A two-headed ogre zombie (D:11)
  A soldier ant (D:12)
  2 orc warriors
  4 ice beasts
  4 black bears
  A hornet zombie (D:13)
  5 sky beasts
  An eye of draining (D:8)
  4 phantoms
  3 centaurs
  6 ogres
  A big kobold (shapeshifter) (D:14)
  3 big kobolds
  11 bullfrogs
  A wyvern zombie (D:11)
  Blork the orc (D:5)
  2 wyvern skeletons (D:11)
  4 scorpions
  4 troll zombies (D:11)
  4 killer bees (D:13)
  10 wights
  3 howler monkeys
  9 hounds
  2 jellies
  2 bullfrog zombies
  3 quasits
  Crazy Yiuf (D:3)
  4 centaur zombies
  5 orc priests
  9 orc wizards
  Jessica (D:2)
  A bullfrog skeleton (D:12)
  Terence (D:3)
  An iguana (D:6)
  7 worker ants
  A killer bee zombie (D:7)
  3 ogre zombies (D:11)
  2 hound zombies
  10 adders
  2 white imps
  2 ufetubi
  An adder zombie (D:7)
  3 adder skeletons
  3 leopard geckos
  34 orcs
  2 ball pythons
  2 bats
  4 giant cockroaches
  7 goblins
  A hobgoblin (D:1)
  11 jackals
  16 kobolds
  5 quokkas
  2 frilled lizards
  A goblin zombie (D:11)
  A hobgoblin skeleton (D:11)
  4 hobgoblin zombies (D:11)
  2 leopard gecko skeletons
  2 orc skeletons (D:11)
  17 orc zombies (D:11)
  7 rats
346 creatures vanquished.

Vanquished Creatures (others)
  A death yak (D:11)
  A yak (D:9)
  A wight (D:11)
3 creatures vanquished.

Grand Total: 349 creatures vanquished

Notes
Turn   | Place    | Note
-------+----------+-------------------------------------------
     0 | D:1      | Borgoz the Gargoyle Gladiator began the quest for the Orb.
     0 | D:1      | Reached XP level 1. HP: 12/12 MP: 1/1
   249 | D:1      | Reached XP level 2. HP: 18/18 MP: 2/2
   901 | D:2      | Noticed Jessica
   905 | D:2      | Reached skill level 1 in Armour
   905 | D:2      | Reached XP level 3. HP: 22/22 MP: 3/3
   909 | D:2      | Killed Jessica
   909 | D:2      | Reached skill level 1 in Stealth
   909 | D:2      | Reached XP level 4. HP: 27/27 MP: 4/4
  1279 | D:3      | Reached XP level 5. HP: 22/32 MP: 5/5
  1432 | D:3      | Noticed Terence
  1445 | D:3      | Killed Terence
  1445 | D:3      | Reached skill level 4 in Maces & Flails
  1652 | D:3      | Found a sparkling altar of Nemelex Xobeh.
  1746 | D:3      | Found a runed translucent door.
  1747 | D:3      | Noticed Crazy Yiuf
  2056 | D:3      | Killed Crazy Yiuf
  2098 | D:4      | Reached XP level 6. HP: 37/37 MP: 6/6
  2437 | D:4      | Found a shattered altar of Ashenzari.
  2590 | D:4      | Reached XP level 7. HP: 42/42 MP: 7/7
  2751 | D:5      | Entered Level 5 of the Dungeon
  2924 | D:5      | Reached skill level 5 in Maces & Flails
  3012 | D:5      | Noticed Blork the orc
  3031 | D:5      | Killed Blork the orc
  3444 | D:5      | Found Zijiall's Elemental Accessories.
  3505 | D:5      | Reached XP level 8. HP: 38/48 MP: 8/8
  3723 | D:6      | Found a staircase to the Ecumenical Temple.
  3751 | D:6      | Reached skill level 6 in Maces & Flails
  3758 | Temple   | Entered the Ecumenical Temple
  3949 | Temple   | Became a worshipper of Ru the Awakened
  4000 | D:6      | Noticed a +0 hand axe
  4000 | D:6      | Noticed a +0 hand axe
  4003 | D:6      | Found a hide-covered altar of Uskayaw.
  4040 | D:6      | Found a runed translucent door.
  4041 | D:6      | Noticed Flugslaktarn's ghost (novice DDMo)
  4319 | D:6      | Reached skill level 5 in Dodging
  4492 | D:6      | Identified the ring of Ruosoc {rF+ Stlth+}
  4565 | D:6      | Reached skill level 5 in Fighting
  4886 | D:6      | Got a masterwork scale mail
  4897 | D:6      | Identified the cursed +0 scale mail of Urphis {rPois} (You
                  | found it on level 6 of the Dungeon)
  4933 | D:6      | Reached XP level 9. HP: 43/54 MP: 9/9
  4959 | D:6      | Found a runed translucent door.
  5210 | D:6      | Killed Flugslaktarn's ghost
  5210 | D:6      | Reached skill level 7 in Maces & Flails
  5210 | D:6      | Reached skill level 5 in Stealth
  5416 | D:7      | Found Vaomooro's Magic Scroll Emporium.
  5421 | D:7      | Bought a scroll of identify for 30 gold pieces
  5425 | D:7      | Bought a scroll of identify for 30 gold pieces
  5425 | D:7      | Bought a scroll of teleportation for 45 gold pieces
  5426 | D:7      | Bought a scroll of magic mapping for 52 gold pieces
  5505 | D:7      | Reached skill level 5 in Armour
  5513 | D:7      | Noticed Pikel
  5537 | D:7      | Killed Pikel
  5537 | D:7      | Reached skill level 8 in Maces & Flails
  5537 | D:7      | Reached XP level 10. HP: 36/60 MP: 10/10
  5668 | D:7      | Identified the +7 hunting sling of Hubris {venom, rElec
                  | rF+++ Str+3 Dex-4}
  5752 | D:7      | Gained mutation: You are somewhat inexperienced. (-2 XL)
                  | [Ru sacrifice]
  5752 | D:7      | Reached XP level 9. HP: 56/56 MP: 9/9
  5752 | D:7      | Reached XP level 8. HP: 52/52 MP: 8/8
  5752 | D:7      | Reached * piety under Ru
  5752 | D:7      | Reached ** piety under Ru
  6638 | D:9      | Reached XP level 9. HP: 47/56 MP: 9/9
  6750 | D:9      | Reached skill level 9 in Maces & Flails
  7102 | D:9      | Noticed a troll
  7109 | D:9      | Killed a troll
  7187 | D:9      | Noticed a two-headed ogre
  7194 | D:9      | Killed a two-headed ogre
  7194 | D:9      | Reached XP level 10. HP: 49/63 MP: 10/10
  7269 | D:9      | Reached skill level 10 in Maces & Flails
  7275 | D:9      | Got a dazzling mace
  7276 | D:9      | Identified the +1 mace of the Shark {elec, +Inv rElec rC+}
                  | (You found it on level 9 of the Dungeon)
  7442 | D:10     | Entered Level 10 of the Dungeon
  7558 | D:10     | Gained mutation: You are hated by all. [Ru sacrifice]
  7558 | D:10     | Reached *** piety under Ru
  7558 | D:10     | Reached **** piety under Ru
  7737 | D:10     | Noticed Erica
  7751 | D:10     | Killed Erica
  7993 | D:10     | Noticed a two-headed ogre
  8015 | D:10     | Killed a two-headed ogre
  8321 | D:10     | Reached XP level 11. HP: 56/68 MP: 11/11
  8806 | D:11     | Noticed a death yak
  8806 | D:11     | Noticed a death yak
  8807 | D:11     | Noticed a death yak
  8807 | D:11     | Noticed a death yak
  8808 | D:11     | Noticed a deep elf mage
  8808 | D:11     | Noticed a death yak
  8808 | D:11     | Noticed a death yak
  8822 | D:11     | Killed a death yak
  8828 | D:11     | Noticed an unseen horror
  8833 | D:11     | Killed an unseen horror
  8842 | D:11     | Killed a death yak
  8855 | D:11     | Killed a deep elf mage
  8872 | D:11     | Killed a death yak
  8872 | D:11     | Reached skill level 11 in Maces & Flails
  8879 | D:11     | Killed a death yak
  8898 | D:11     | Killed a death yak
  8904 | D:11     | Killed a death yak
  8954 | D:11     | Found a staircase to the Lair.
  8984 | D:11     | Noticed Nergalle
  9007 | D:11     | Killed Nergalle
  9135 | D:11     | Noticed a cyclops
  9154 | D:11     | Reached XP level 12. HP: 69/75 MP: 12/12
  9250 | D:11     | Found a staircase to the Orcish Mines.
  9710 | D:12     | Reached skill level 10 in Dodging
  9889 | D:12     | Reached skill level 12 in Maces & Flails
 10136 | D:12     | Got a faintly glowing leather armour
 10148 | D:12     | Identified the +1 leather armour of Neqeuturph {rN+ SInv}
                  | (You found it on level 12 of the Dungeon)
 10424 | D:13     | Noticed a centaur warrior
 10437 | D:13     | Killed a centaur warrior
 10563 | D:13     | Noticed a centaur warrior
 10571 | D:13     | Noticed a centaur warrior
 10572 | D:13     | Noticed a two-headed ogre
 10580 | D:13     | Killed a centaur warrior
 10598 | D:13     | Noticed a two-headed ogre
 10603 | D:13     | Killed a two-headed ogre
 10609 | D:13     | Killed a centaur warrior
 10616 | D:13     | Killed a two-headed ogre
 10616 | D:13     | Reached XP level 13. HP: 69/82 MP: 13/13
 10648 | D:13     | Gained mutation: You cannot train Armour skill. [Ru
                  | sacrifice]
 10648 | D:13     | Reached ***** piety under Ru
 10685 | D:13     | Reached skill level 10 in Fighting
 11106 | D:14     | Noticed Jorgrun
 11120 | D:14     | Killed Jorgrun
 11120 | D:14     | Reached skill level 13 in Maces & Flails
 11254 | D:14     | HP: 1/83 [white ugly thing (32)]
 11259 | D:14     | Mangled by a white ugly thing

Illustrated notes

Levels and vault maps discovered:
D:1:      minmay_arrival_four_loops, layout_basic, serial_curves,
          eino_curves_04, eino_curves_04, hex_intersection, minmay_misc_feat_iff
D:2:      layout_rooms, hangedman_decor_riveting, uniq_jessica
D:3:      layout_loops_ring, nemelex_xobeh_ov_fountains_minmay, uniq_terence,
          uniq_crazy_yiuf_cottage
D:4:      layout_rooms, nicolae_ashenzari_panopticon
D:5:      layout_gridville, minmay_misc_feat_tiny, nicolae_elemental_shop,
          uniq_blork_the_orc
D:6:      layout_loops_cross, dancing_weapons_uskayaw,
          minmay_temple_entry_waves, ebering_ghost_sewer_f,
          hangedman_decor_peaks_small, kennysheep_big_empty_room
D:7:      layout_rooms, serial_shops, shop, uniq_pikel
D:8:      layout_basic, lemuel_old_faithful
D:9:      layout_small_grid, grunt_potential
D:10:     layout_layer_cave, uniq_erica
D:11:     layout_roguey, dpeg_lair_monsters, zombieorc2_lemuel, uniq_nergalle
D:12:     layout_cross
D:13:     layout_rooms, nrook_guardian_serpent_double
D:14:     layout_rooms, grunt_vaults_entry_tiered, minivault_25_ag, uniq_jorgrun
Temple:   kilobyte_greek_temple

Skill      XL: |  1  2  3  4  5  6  7  8  9 10 11 12 13 |
---------------+----------------------------------------+-----
Armour         | 1 2 3 4 6 7 8 9 0 |  0.0
Dodging        | 3 4 7 8 9 10 11 | 11.4
Stealth        | 1 2 3 4 5 |  5.0
Fighting       | 3 4 5 7 8 9 10 | 10.5
Maces & Flails | 4 5 6 9 10 11 12 13 | 13.3
Throwing       | |  1.7

Action                   |  1- 3 |  4- 6 |  7- 9 | 10-12 | 13-15 || total
-------------------------+-------+-------+-------+-------+-------++-------
Melee: Flail             |    54 |   164 |   301 |       |       ||   519
       Morningstar       |       |       |   211 |   396 |   145 ||   752
       Mace              |       |       |       |   223 |       ||   223
Throw: Throwing net      |       |     1 |     1 |     1 |     1 ||     4
Invok: Sacrifice Experie |       |       |     1 |       |       ||     1
       Sacrifice Love    |       |       |       |     1 |       ||     1
       Sacrifice Durabil |       |       |       |       |     1 ||     1
Evoke: Wand              |       |       |     4 |       |       ||     4
  Use: Scroll            |     2 |       |     6 |     5 |     1 ||    14
       Potion            |       |       |       |     2 |     3 ||     5
 Stab: Sleeping          |       |     1 |     7 |     8 |       ||    16
       Distracted        |       |       |     1 |     2 |     2 ||     5
       Paralysed         |       |       |     3 |       |       ||     3
       Invisible         |       |       |       |     6 |       ||     6
       Held in net/web   |       |       |       |     1 |     1 ||     2
       Petrified         |       |       |       |       |     5 ||     5
       Petrifying        |       |       |       |       |     1 ||     1
Armor: Leather armour    |    20 |     1 |       |       |       ||    21
       Ring mail         |       |    66 |   225 |     3 |       ||   294
       Troll leather arm |       |       |     3 |   229 |    56 ||   288
Dodge: Dodged            |    39 |   182 |   565 |   423 |    79 ||  1288

Table legend: (Time is in decaauts)
 A = Elapsed time spent in this place.
 B = Non-inter-level travel time spent in this place.
 C = Inter-level travel time spent in this place.
 D = Time resting spent in this place.
 E = Time spent auto-exploring this place.
 F = Levels seen in this place.
 G = Mean time per level.
                   A        B        C        D        E       F      G
               +--------+--------+--------+--------+--------+-----+--------+
         Total |  11321 |  10843 |    478 |    750 |   7412 |  15 |  754.7 |
       Dungeon |  11091 |  10679 |    412 |    750 |   7270 |  14 |  792.2 |
        Temple |    229 |    163 |     66 |      0 |    142 |   1 |  229.0 |
               +--------+--------+--------+--------+--------+-----+--------+

Top non-repeatable levels by time:
     D:6: 1328 daAuts
    D:10: 1278 daAuts
     D:5: 1146 daAuts
    D:11: 1015 daAuts
     D:9: 994 daAuts
     D:1: 892 daAuts
     D:3: 852 daAuts
     D:4: 676 daAuts
    D:13: 658 daAuts
    D:12: 637 daAuts
     D:7: 590 daAuts
     D:8: 451 daAuts
     D:2: 372 daAuts
  Temple: 229 daAuts
    D:14: 197 daAuts
